[Event "Kupreichik Memorial Open 2018"]
[Site "Minsk"]
[Date "2018.06.22"]
[Round "8"]
[White "Rybakova, Polina"]
[Black "Kozlov, Valentin"]
[Result "0-1"]
[ECO "B52"]
[WhiteElo "1826"]
[BlackElo "1553"]
[Annotator "NA"]
[PlyCount "140"]
[EventDate "2018.06.21"]
[EventCountry "BLR"]
[SourceTitle "playchess.com"]
[Source "ChessBase"]
[SourceQuality "1"]
[TimeControl "900+10"]

1. e4 c5 2. Nf3 d6 3. Bb5+ Bd7 4. Bxd7+ Qxd7 5. O-O Nc6 6. d4 cxd4 7. Nxd4 Nf6 8. Nc3 g6 9. f3 Bg7 10. Be3 O-O 11. Qd2 Ne5 12. b3 a6 13. Na4 Qd8 14. c4 Rb8 15. Nc3 Nc6 16. Rac1 Nxd4 17. Bxd4 h5 18. Qf2 Bh6 19. Rcd1 Qa5 20. Qb2 Bg7 21. b4 Qc7 22. Qe2 Rbc8 23. c5 dxc5 24. Bxc5 b6 25. Bd4 Rfd8 26. Qe3 Qc4 27. Bxf6 Bxf6 28. Nd5 Rd6 29. Kh1 Qxa2 30. e5 Rxd5 31. Rxd5 Qxd5 32. exf6 exf6 33. Qxb6 Qb5 34. Qxb5 axb5 35. Rd1 Rc4 36. Rb1 f5 37. Kg1 Kg7 38. Rb2 Kf6 39. Kf2 Ke5 40. Ke3 f4+ 41. Kd3 Kd5 42. h4 f6 43. Rb1 g5 44. Kd2 Ke5 45. Kd3 Kf5 46. hxg5 fxg5 47. Rh1 Rxb4 48. Rxh5 Rb1 49. Rh8 Rg1 50. Rb8 Rxg2 51. Rxb5+ Kg6 52. Rb6+ Kh5 53. Rb8 Ra2 54. Ke4 Ra4+ 55. Kf5 Ra5+ 56. Ke4 Kh4 57. Rh8+ Kg3 58. Rg8 Kf2 59. Rg7 Ra4+ 60. Kf5 Kxf3 61. Kxg5 Ra5+ 62. Kh4 Rf5 63. Rg1 Kf2 64. Ra1 Re5 65. Kg4 f3 66. Ra2+ Re2 67. Ra3 Re3 68. Ra1 Kg2 69. Rb1 f2 70. Rb2 Kg1 0-1

[Event "Kupreichik Memorial Open 2018"]
[Site "Minsk"]
[Date "2018.06.22"]
[Round "8"]
[White "Girshgorn, Maria"]
[Black "Mialik, Artsiom"]
[Result "0-1"]
[ECO "A40"]
[WhiteElo "1805"]
[BlackElo "1432"]
[Annotator "NA"]
[PlyCount "34"]
[EventDate "2018.06.21"]
[EventCountry "BLR"]
[SourceTitle "playchess.com"]
[Source "ChessBase"]
[SourceQuality "1"]
[TimeControl "900+10"]

1. d4 e6 2. Nf3 f5 3. g3 Nf6 4. Bg2 d5 5. O-O Bd6 6. c4 c6 7. Nc3 O-O 8. cxd5 exd5 9. Bf4 Qc7 10. Bxd6 Qxd6 11. Rb1 Nbd7 12. b4 Ne4 13. Qc2 Ndf6 14. e3 Ng4 15. b5 Qh6 16. Qd3 Ng5 17. Nxg5 Qxh2# 0-1

[Event "Kupreichik Memorial Open 2018"]
[Site "Minsk"]
[Date "2018.06.22"]
[Round "8"]
[White "Tkachou, Viktar"]
[Black "Hurman, Pavel"]
[Result "1-0"]
[ECO "A06"]
[WhiteElo "1791"]
[BlackElo "1315"]
[Annotator "NA"]
[PlyCount "81"]
[EventDate "2018.06.21"]
[EventCountry "BLR"]
[SourceTitle "playchess.com"]
[Source "ChessBase"]
[SourceQuality "1"]
[TimeControl "900+10"]

1. Nf3 d5 2. c4 c6 3. e3 Nf6 4. b3 Bg4 5. Be2 e6 6. O-O Bd6 7. Bb2 O-O 8. d3 Na6 9. Nbd2 Nb4 10. a3 Na6 11. h3 Bf5 12. Qc2 Be7 13. Nh4 Bg6 14. Nxg6 hxg6 15. Nf3 Qd6 16. b4 Rac8 17. c5 Qd8 18. Qc3 b6 19. cxb6 axb6 20. d4 Nb8 21. Qd2 Ne4 22. Qd3 Nd7 23. Rac1 c5 24. dxc5 bxc5 25. bxc5 Ndxc5 26. Qb1 Rb8 27. Qa2 Na4 28. Be5 Bd6 29. Rc2 Bxe5 30. Nxe5 Qd6 31. Nf3 Nac3 32. Qa1 Nxe2+ 33. Rxe2 Ra8 34. Rc1 Rxa3 35. Qb2 Raa8 36. Rec2 Rab8 37. Qd4 f6 38. Rc6 Qe7 39. Rc7 Qb4 40. Qa7 Kh8 41. Rxg7 1-0

[Event "Kupreichik Memorial Open 2018"]
[Site "Minsk"]
[Date "2018.06.22"]
[Round "8"]
[White "Mialik, Uladzislau"]
[Black "Markhanau, Fiodar"]
[Result "1-0"]
[ECO "A06"]
[WhiteElo "1768"]
[BlackElo "1306"]
[Annotator "NA"]
[PlyCount "65"]
[EventDate "2018.06.21"]
[EventCountry "BLR"]
[SourceTitle "playchess.com"]
[Source "ChessBase"]
[SourceQuality "1"]
[TimeControl "900+10"]

1. Nf3 d5 2. g3 Nf6 3. Bg2 e6 4. d4 Nc6 5. O-O Bd6 6. c4 dxc4 7. Qa4 Bd7 8. Qxc4 Na5 9. Qd3 Nc6 10. a3 Ne7 11. e4 Nc6 12. e5 Nd5 13. exd6 cxd6 14. Nc3 Nxc3 15. bxc3 d5 16. Rb1 b6 17. Ne5 Nxe5 18. dxe5 a6 19. c4 Bc6 20. Be3 b5 21. cxd5 Bxd5 22. Bxd5 Qxd5 23. Qxd5 exd5 24. Rfd1 Rd8 25. Rd3 Ke7 26. Bg5+ f6 27. exf6+ gxf6 28. Bf4 Rd7 29. Rc1 Ra8 30. Kg2 Kf7 31. Rc6 Kg7 32. Be3 Kf7 33. Bd4 1-0

[Event "Kupreichik Memorial Open 2018"]
[Site "Minsk"]
[Date "2018.06.22"]
[Round "8"]
[White "Papunidi, Matvey"]
[Black "Osmolny, Vladimir I"]
[Result "0-1"]
[ECO "B29"]
[WhiteElo "1751"]
[BlackElo "2163"]
[Annotator "NA"]
[PlyCount "106"]
[EventDate "2018.06.21"]
[EventCountry "BLR"]
[SourceTitle "playchess.com"]
[Source "ChessBase"]
[SourceQuality "1"]
[TimeControl "900+10"]

1. e4 c5 2. Nf3 Nf6 3. Nc3 d6 4. d4 cxd4 5. Qxd4 Nc6 6. Bb5 Bd7 7. Bxc6 Bxc6 8. Bg5 Qb6 9. Bxf6 gxf6 10. Qxb6 axb6 11. O-O-O Rg8 12. Rhg1 e6 13. Nd4 Ra5 14. f3 Kd7 15. b4 Rag5 16. b5 Rxg2 17. bxc6+ bxc6 18. Rxg2 Rxg2 19. Rh1 b5 20. Kd1 Bh6 21. Nce2 b4 22. Ke1 Be3 23. Nb3 c5 24. Nd2 Bh6 25. Kf1 Rg8 26. Nc4 d5 27. exd5 exd5 28. Nb2 Ra8 29. Nd3 Kc6 30. Ndc1 Ra3 31. f4 Bxf4 32. Nxf4 Rf3+ 33. Kg2 Rxf4 34. Rf1 Rg4+ 35. Kf3 Rc4 36. Rf2 Kd6 37. Ke3 Re4+ 38. Kd2 Rh4 39. Rxf6+ Ke5 40. Rf2 c4 41. Ne2 d4 42. Ng1 Rf4 43. Rxf4 Kxf4 44. Ke2 f5 45. Nf3 Ke4 46. Ng5+ Kf4 47. Nxh7 Kg4 48. Nf6+ Kh3 49. Nd5 f4 50. Nxb4 Kg2 51. Nd5 f3+ 52. Kd2 f2 53. Nf4+ Kf3 0-1

[Event "Kupreichik Memorial Open 2018"]
[Site "Minsk"]
[Date "2018.06.22"]
[Round "8"]
[White "Zagorskii, Artem"]
[Black "Cherepov, Alexej"]
[Result "1-0"]
[ECO "B62"]
[WhiteElo "1705"]
[BlackElo "2234"]
[Annotator "NA"]
[PlyCount "110"]
[EventDate "2018.06.21"]
[EventCountry "BLR"]
[SourceTitle "playchess.com"]
[Source "ChessBase"]
[SourceQuality "1"]
[TimeControl "900+10"]

1. e4 c5 2. Nf3 d6 3. d4 cxd4 4. Nxd4 Nf6 5. Nc3 Nc6 6. Bg5 e6 7. Qd3 a6 8. O-O-O Be7 9. f4 Qc7 10. Qg3 Bd7 11. Be2 O-O-O 12. Qe3 Kb8 13. Kb1 Rc8 14. Bh4 Nxe4 15. Nxc6+ Bxc6 16. Nxe4 Bxh4 17. Nxd6 Rcd8 18. Ne4 Be7 19. Bf3 Rxd1+ 20. Rxd1 Rd8 21. g3 h6 22. h4 Rxd1+ 23. Bxd1 Qa5 24. a3 Qa4 25. Nc3 Qa5 26. Ne4 Ka8 27. Bf3 Qc7 28. Qd4 Bf8 29. Be2 Qd7 30. Qe3 Qd5 31. Nc3 Qc5 32. Qd3 Qd6 33. Qe3 Kb8 34. Bh5 g6 35. Be2 Bg7 36. Bc4 Qd4 37. Qe2 Qg1+ 38. Ka2 Qxg3 39. Qd2 Kc7 40. Bb3 Qxh4 41. Na4 Qf6 42. c3 Qf5 43. Qf2 Bf8 44. Qb6+ Kc8 45. Qa7 Bd6 46. Nb6+ Kc7 47. Na8+ Kd7 48. Nb6+ Ke7 49. Nc8+ Kd7 50. Nb6+ Kc7 51. Na8+ Kd8 52. Qd4 Qxf4 53. Qh8+ Ke7 54. Nb6 Bc7 55. Nc4 Bd5 1-0

[Event "Kupreichik Memorial Open 2018"]
[Site "Minsk"]
[Date "2018.06.22"]
[Round "8"]
[White "Kashtelyan, Valentin"]
[Black "Stroganova, Karina"]
[Result "1-0"]
[ECO "B01"]
[WhiteElo "1604"]
[BlackElo "1776"]
[Annotator "NA"]
[PlyCount "105"]
[EventDate "2018.06.21"]
[EventCountry "BLR"]
[SourceTitle "playchess.com"]
[Source "ChessBase"]
[SourceQuality "1"]
[TimeControl "900+10"]

1. e4 d5 2. Nc3 d4 3. Nce2 c5 4. d3 Nc6 5. f4 e5 6. Nf3 Nf6 7. fxe5 Ng4 8. Bf4 Ne3 9. Bxe3 dxe3 10. d4 cxd4 11. Nexd4 Qa5+ 12. c3 Nxe5 13. Nxe5 Qxe5 14. Bb5+ Ke7 15. Bd3 Qf4 16. Qf3 Qxf3 17. gxf3 Bh3 18. Ke2 g6 19. Kxe3 Rd8 20. Bf1 Bh6+ 21. Ke2 Bd7 22. Bg2 Rhe8 23. Kf2 Bg7 24. Rad1 Kf6 25. h4 Re5 26. Ne2 Rb5 27. b3 Ke7 28. Rd3 Rc8 29. c4 Ra5 30. Rd2 Rc6 31. Bh3 Bxh3 32. Rxh3 Rb6 33. Nf4 Rba6 34. a4 Bh6 35. Kg3 Rf6 36. Nd5+ Ke6 37. Rd3 Ra6 38. Nxf6 Kxf6 39. Rh1 Rb6 40. Rhd1 Kg7 41. h5 gxh5 42. Kh4 Bf4 43. Rg1+ Kh6 44. Rd5 Rg6 45. Rxh5+ Kg7 46. Rxg6+ fxg6 47. Rd5 h5 48. Rd7+ Kh6 49. Rxb7 g5+ 50. Kh3 Be3 51. b4 Kg6 52. c5 a5 53. c6 1-0

[Event "Kupreichik Memorial Open 2018"]
[Site "Minsk"]
[Date "2018.06.22"]
[Round "8"]
[White "Stsepkina, Yauheniya"]
[Black "Tarasenka, Aliaksandra"]
[Result "0-1"]
[ECO "A81"]
[WhiteElo "1591"]
[BlackElo "1682"]
[Annotator "NA"]
[PlyCount "106"]
[EventDate "2018.06.21"]
[EventCountry "BLR"]
[SourceTitle "playchess.com"]
[Source "ChessBase"]
[SourceQuality "1"]
[TimeControl "900+10"]

1. d4 f5 2. g3 g6 3. Bg2 Bg7 4. b3 d6 5. Bb2 Nc6 6. h4 Nf6 7. h5 Nxh5 8. Rxh5 gxh5 9. e3 O-O 10. Qxh5 Be6 11. Nf3 Bf7 12. Qxf5 Bxb3 13. Qd3 Be6 14. Ng5 Bf5 15. e4 e5 16. Bc1 Bd7 17. Qc4+ Kh8 18. Nf7+ Rxf7 19. Qxf7 Nxd4 20. Na3 Be6 21. Qh5 c5 22. Bd2 a6 23. Bh3 Bxh3 24. Qxh3 Nf3+ 25. Ke2 Nxd2 26. Rh1 h6 27. Kxd2 Qa5+ 28. Ke2 Qxa3 29. Qe6 Qa4 30. Kd1 Qe8 31. Qd5 Qe7 32. Rh5 Rf8 33. Ke2 Qf7 34. Qxf7 Rxf7 35. Rh1 Kh7 36. Rd1 Rd7 37. c4 b5 38. Kd3 Kg6 39. Rb1 Rb7 40. Kc3 Kg5 41. f3 h5 42. Rd1 Rb6 43. Rd2 Bf8 44. Rf2 bxc4 45. Kxc4 Rb1 46. f4+ exf4 47. gxf4+ Kg4 48. e5 Rb4+ 49. Kd5 Rxf4 50. Rg2+ Kf3 51. Rg8 dxe5 52. Kxe5 h4 53. Rh8 Bg7+ 0-1

[Event "Kupreichik Memorial Open 2018"]
[Site "Minsk"]
[Date "2018.06.22"]
[Round "8"]
[White "Korniichuk, Fedir"]
[Black "Korniichuk, Oleksandra"]
[Result "0-1"]
[ECO "E43"]
[WhiteElo "1568"]
[BlackElo "1740"]
[Annotator "NA"]
[PlyCount "168"]
[EventDate "2018.06.21"]
[EventCountry "BLR"]
[SourceTitle "playchess.com"]
[Source "ChessBase"]
[SourceQuality "1"]
[TimeControl "900+10"]

1. d4 Nf6 2. c4 e6 3. e3 b6 4. Nc3 Bb4 5. Bd3 O-O 6. Nf3 Bb7 7. O-O d5 8. a3 Bxc3 9. bxc3 dxc4 10. Bxc4 Nbd7 11. Qc2 c5 12. Be2 Rc8 13. Qb1 Ne4 14. Bb2 cxd4 15. cxd4 Nc3 16. Bxc3 Rxc3 17. Rc1 Qc7 18. Bb5 Nf6 19. Rxc3 Qxc3 20. Qc1 Rc8 21. Qxc3 Rxc3 22. a4 Bxf3 23. gxf3 g6 24. Kg2 Nd5 25. a5 bxa5 26. Rxa5 Rc7 27. Bd3 Kg7 28. Be4 Nf6 29. Ra6 h5 30. h4 Nd7 31. Bd3 Nb6 32. Be4 Nc8 33. Kg3 Nb6 34. Kg2 Nd7 35. Kg3 Nb8 36. Ra5 a6 37. Bd3 Rc6 38. Bf1 Kf6 39. Bd3 Ke7 40. f4 Rb6 41. Kf3 Kd6 42. Bc4 Kc7 43. d5 exd5 44. Bxd5 Nc6 45. Ra3 Nd8 46. Ra5 Rb5 47. Rxb5 axb5 48. Ke2 Kd6 49. Bb3 Kc5 50. Kd3 Kb4 51. Kc2 Ka3 52. Bd5 b4 53. f3 Ne6 54. Bb3 Nd8 55. Bd5 Ka4 56. Bb3+ Kb5 57. Bd5 Kc5 58. Bb3 Kd6 59. Kd3 Kc5 60. Ba2 Ne6 61. Bb3 Kb5 62. Kc2 Nd8 63. Kd3 Kc5 64. Ba2 Ne6 65. Bb3 Kd6 66. Kc4 Ke7 67. Kxb4 Ng7 68. Bc2 Kf6 69. Kc4 Ne6 70. Kd5 Nc7+ 71. Kc4 Ke6 72. Bb3 Kf6 73. Kc5 Ne8 74. Kc6 Ng7 75. e4 Ke7 76. Bd5 Ne8 77. Ba2 Nd6 78. Kd5 Nb5 79. Kc4 Na3+ 80. Kb3 Nb5 81. Bb1 Nd4+ 82. Kc4 Nxf3 83. f5 gxf5 84. exf5 Nd2+ 0-1

[Event "Kupreichik Memorial Open 2018"]
[Site "Minsk"]
[Date "2018.06.22"]
[Round "8"]
[White "Drobyshevsky, Vasily"]
[Black "Katashuk, Uladzislau"]
[Result "0-1"]
[ECO "A10"]
[WhiteElo "1551"]
[BlackElo "2149"]
[Annotator "NA"]
[PlyCount "76"]
[EventDate "2018.06.21"]
[EventCountry "BLR"]
[SourceTitle "playchess.com"]
[Source "ChessBase"]
[SourceQuality "1"]
[TimeControl "900+10"]

1. c4 b6 2. Nc3 Bb7 3. d4 g6 4. e4 Bg7 5. d5 d6 6. Nf3 Nd7 7. Be3 Ngf6 8. Bd3 a6 9. Rc1 h6 10. h3 O-O 11. O-O e5 12. Qd2 Kh7 13. Nh2 Nc5 14. Bxc5 bxc5 15. Ne2 Qe7 16. Rb1 a5 17. a3 a4 18. b3 axb3 19. Rxb3 Bc8 20. Ra1 Nh5 21. a4 f5 22. f3 Nf4 23. Nxf4 exf4 24. Ra2 Bd4+ 25. Kh1 Be3 26. Qc3 fxe4 27. Bxe4 Bf5 28. Qd3 Qh4 29. Rb7 Rf7 30. a5 Ra6 31. Rb8 Bd4 32. Bxf5 gxf5 33. Qe2 Re7 34. g3 Rxe2 35. Rxe2 fxg3 36. Ree8 g2+ 37. Kxg2 Qf2+ 38. Kh1 Qg1# 0-1

[Event "Kupreichik Memorial Open 2018"]
[Site "Minsk"]
[Date "2018.06.23"]
[Round "9"]
[White "Bernotas, Arturs"]
[Black "Kalinin, Dmitry"]
[Result "1-0"]
[ECO "C00"]
[WhiteElo "2407"]
[BlackElo "1995"]
[Annotator "NA"]
[PlyCount "85"]
[EventDate "2018.06.21"]
[EventCountry "BLR"]
[SourceTitle "playchess.com"]
[Source "ChessBase"]
[SourceQuality "1"]
[TimeControl "900+10"]

1. e4 e6 2. c4 c5 3. Nf3 Nc6 4. Be2 Be7 5. O-O Qc7 6. Nc3 a6 7. d4 cxd4 8. Nxd4 Nf6 9. Be3 O-O 10. Rc1 d6 11. Nd5 Qd8 12. Nxe7+ Qxe7 13. f3 Rd8 14. Bg5 h6 15. Bh4 e5 16. Nc2 Be6 17. Bf2 Rac8 18. Bb6 Rf8 19. Ne3 Nd7 20. Qb3 Nxb6 21. Qxb6 Nd4 22. Bd3 Qg5 23. Rce1 Qe7 24. f4 f6 25. b3 Rc6 26. Qb4 Rc5 27. Qd2 b5 28. Nd5 Qd8 29. Qf2 bxc4 30. Bxc4 Bxd5 31. Bxd5+ Kh8 32. Bc4 a5 33. Re3 f5 34. exf5 Nxf5 35. fxe5 dxe5 36. Rd3 Qg5 37. Qxc5 Re8 38. Rdf3 Nh4 39. Rf8+ Kh7 40. Bg8+ Kg6 41. Qc6+ Kh5 42. Qxe8+ g6 43. Qc6 1-0

[Event "Kupreichik Memorial Open 2018"]
[Site "Minsk"]
[Date "2018.06.23"]
[Round "9"]
[White "Zhukova, Natalia"]
[Black "Kruglikova, Viktorija"]
[Result "1-0"]
[ECO "A29"]
[WhiteElo "2356"]
[BlackElo "1839"]
[Annotator "NA"]
[PlyCount "141"]
[EventDate "2018.06.21"]
[EventCountry "BLR"]
[SourceTitle "playchess.com"]
[Source "ChessBase"]
[SourceQuality "1"]
[TimeControl "900+10"]

1. c4 Nf6 2. Nc3 e5 3. Nf3 Nc6 4. g3 d5 5. cxd5 Nxd5 6. Bg2 Nb6 7. O-O Be7 8. a3 Be6 9. b4 a5 10. b5 Nd4 11. Rb1 a4 12. d3 O-O 13. Nxe5 Bf6 14. f4 Nb3 15. Bb2 Bxe5 16. fxe5 Qd4+ 17. Kh1 Qxe5 18. Nxa4 Qxb5 19. Nxb6 Qxb6 20. d4 c6 21. e4 Bc4 22. Rf3 Na5 23. d5 Qc7 24. Qd4 f6 25. d6 Qd7 26. Bc3 b5 27. Bb4 Rfe8 28. Re3 Nb7 29. e5 fxe5 30. Rxe5 Rxe5 31. Qxe5 Re8 32. Qd4 Re6 33. Bh3 Bd5+ 34. Kg1 Nxd6 35. Bxe6+ Qxe6 36. Re1 Ne4 37. Qa7 h6 38. Qb8+ Kh7 39. Qf4 Qg6 40. g4 Qe6 41. Qf5+ Qxf5 42. gxf5 Kg8 43. Ba5 Kf7 44. Bb6 Nd6 45. Rf1 Be4 46. f6 gxf6 47. Kf2 f5 48. Rg1 Nc4 49. Bc5 Ne5 50. Ke2 Nd3 51. Bd4 Nf4+ 52. Kd2 Ne6 53. Be3 f4 54. Bxf4 h5 55. Ke3 Bd5 56. Be5 Bc4 57. Ke4 Nc5+ 58. Kf5 Bd3+ 59. Kg5 Be2 60. Re1 Ne6+ 61. Kh4 Bc4 62. Kxh5 Bd5 63. Rf1+ Ke7 64. h4 c5 65. Kg4 b4 66. axb4 cxb4 67. h5 b3 68. h6 Be4 69. Ra1 Nf8 70. Bg7 Nh7 71. Re1 1-0

[Event "Kupreichik Memorial Open 2018"]
[Site "Minsk"]
[Date "2018.06.23"]
[Round "9"]
[White "Nomin-Erdene, Davaademberel"]
[Black "Savolainen, Lev P"]
[Result "1-0"]
[ECO "C11"]
[WhiteElo "2312"]
[BlackElo "2053"]
[Annotator "NA"]
[PlyCount "67"]
[EventDate "2018.06.21"]
[EventCountry "BLR"]
[SourceTitle "playchess.com"]
[Source "ChessBase"]
[SourceQuality "1"]
[TimeControl "900+10"]

1. e4 e6 2. d4 d5 3. Nc3 Nf6 4. e5 Nfd7 5. f4 c5 6. Nf3 Nc6 7. Be3 f6 8. exf6 Qxf6 9. Nb5 Qd8 10. g3 Qb6 11. Rb1 a6 12. dxc5 Nxc5 13. Nbd4 Bd6 14. Bg2 O-O 15. O-O Bd7 16. b4 Ne4 17. Nf5 Qc7 18. Nxd6 Qxd6 19. Qe1 e5 20. Ng5 Nxg5 21. Bc5 Qe6 22. Bxf8 Nh3+ 23. Bxh3 Qxh3 24. Bc5 Bf5 25. Qd2 Be4 26. f5 h5 27. f6 gxf6 28. Rxf6 Qg4 29. Rbf1 Nd4 30. Bxd4 exd4 31. Qh6 Qg7 32. Qxh5 Rc8 33. R6f4 Rc6 34. Qe8+ 1-0

[Event "Kupreichik Memorial Open 2018"]
[Site "Minsk"]
[Date "2018.06.23"]
[Round "9"]
[White "Rakhmangulova, Anastasiya"]
[Black "Kirilin, Dmitrij"]
[Result "1-0"]
[ECO "B96"]
[WhiteElo "2244"]
[BlackElo "2026"]
[Annotator "NA"]
[PlyCount "60"]
[EventDate "2018.06.21"]
[EventCountry "BLR"]
[SourceTitle "playchess.com"]
[Source "ChessBase"]
[SourceQuality "1"]
[TimeControl "900+10"]

1. e4 c5 2. Nf3 d6 3. d4 cxd4 4. Nxd4 Nf6 5. Nc3 a6 6. Bg5 e6 7. f4 Nbd7 8. Qf3 Qc7 9. O-O-O b5 10. Bd3 Bb7 11. Rhe1 Be7 12. Qh3 b4 13. Nb1 Rc8 14. Nd2 Qb6 15. N4b3 e5 16. Nc4 Qc7 17. fxe5 dxe5 18. Bxf6 Nxf6 19. Nba5 Ba8 20. Qg3 O-O 21. Qxe5 Qa7 22. Qg3 Rfd8 23. e5 Nd5 24. e6 fxe6 25. Qh3 h6 26. Qxe6+ Kh8 27. Ne5 Bg5+ 28. Kb1 Rc7 29. Ng6+ Kh7 30. Nf4+ Kh8 1-0

[Event "Kupreichik Memorial Open 2018"]
[Site "Minsk"]
[Date "2018.06.23"]
[Round "9"]
[White "Osmolny, Vladimir I"]
[Black "Meshkov, Yuri A"]
[Result "0-1"]
[ECO "A36"]
[WhiteElo "2211"]
[BlackElo "2322"]
[Annotator "NA"]
[PlyCount "58"]
[EventDate "2018.06.21"]
[EventCountry "BLR"]
[SourceTitle "playchess.com"]
[Source "ChessBase"]
[SourceQuality "1"]
[TimeControl "900+10"]

1. c4 g6 2. Nc3 Bg7 3. g3 c5 4. Bg2 Nc6 5. e3 Nh6 6. Nge2 Nf5 7. d3 a6 8. O-O Rb8 9. a4 O-O 10. h3 d6 11. Kh2 Bd7 12. Bd2 Nb4 13. Be1 Bc6 14. Bxc6 bxc6 15. g4 Nh6 16. f4 f5 17. Ng3 fxg4 18. hxg4 Qd7 19. Kh3 e5 20. Rb1 exf4 21. exf4 Rbe8 22. Nce4 a5 23. Bc3 Bd4 24. Bxd4 cxd4 25. c5 d5 26. Nd6 Re3 27. Kh4 Nxd3 28. g5 Nxf4 29. Rf2 Qh3# 0-1

[Event "Kupreichik Memorial Open 2018"]
[Site "Minsk"]
[Date "2018.06.23"]
[Round "9"]
[White "Katashuk, Uladzislau"]
[Black "Ilyuchyk, Yana"]
[Result "1-0"]
[ECO "A53"]
[WhiteElo "2149"]
[BlackElo "1971"]
[Annotator "NA"]
[PlyCount "63"]
[EventDate "2018.06.21"]
[EventCountry "BLR"]
[SourceTitle "playchess.com"]
[Source "ChessBase"]
[SourceQuality "1"]
[TimeControl "900+10"]

1. d4 Nf6 2. c4 d6 3. Nc3 Nbd7 4. e4 e5 5. Nge2 g6 6. h3 Bg7 7. Be3 O-O 8. d5 Nc5 9. Qc2 a5 10. g4 Ne8 11. Ng3 Bf6 12. O-O-O Bg5 13. Bd3 Bxe3+ 14. fxe3 Ng7 15. Qg2 Qg5 16. Kd2 Nxd3 17. Kxd3 h5 18. Nb5 Bd7 19. gxh5 Nxh5 20. Rdg1 Nxg3 21. Qh2 Bxb5 22. cxb5 Qd8 23. Rxg3 Kg7 24. h4 a4 25. h5 Rh8 26. Qg2 Qe8 27. hxg6 Qxb5+ 28. Kc2 Qc4+ 29. Kb1 Qd3+ 30. Ka1 f6 31. Rh7+ Kf8 32. g7+ 1-0

[Event "Kupreichik Memorial Open 2018"]
[Site "Minsk"]
[Date "2018.06.23"]
[Round "9"]
[White "Sirotkina, Nina"]
[Black "Tkachou, Viktar"]
[Result "1-0"]
[ECO "A45"]
[WhiteElo "2116"]
[BlackElo "1791"]
[Annotator "NA"]
[PlyCount "87"]
[EventDate "2018.06.21"]
[EventCountry "BLR"]
[SourceTitle "playchess.com"]
[Source "ChessBase"]
[SourceQuality "1"]
[TimeControl "900+10"]

1. d4 Nf6 2. Bf4 d6 3. Nd2 e6 4. e4 c5 5. c3 cxd4 6. cxd4 a6 7. Ngf3 Be7 8. a3 O-O 9. Bd3 Nbd7 10. Qe2 b6 11. O-O Bb7 12. Nc4 Nb8 13. Rfd1 b5 14. Ncd2 Nbd7 15. Nf1 Nb6 16. Ng3 Rc8 17. b3 Rc3 18. Rab1 Qa8 19. Bd2 Rcc8 20. Ba5 Qa7 21. h4 h6 22. h5 Rfe8 23. Rb2 Bd8 24. Bb4 Qb8 25. e5 dxe5 26. dxe5 Bxf3 27. gxf3 Nfd5 28. Qe4 Nxb4 29. Qh7+ Kf8 30. axb4 Qxe5 31. Re2 Qf6 32. Qh8+ Ke7 33. Nf5+ Kd7 34. Bxb5+ Kc7 35. Qxe8 exf5 36. Rc2+ Kb8 37. Rxc8+ Kxc8 38. Bxa6+ Kc7 39. Bb5 Be7 40. Rc1+ Kb7 41. Bc6+ Ka7 42. Rc2 Qa1+ 43. Kg2 Bxb4 44. Qxf7+ 1-0

[Event "Kupreichik Memorial Open 2018"]
[Site "Minsk"]
[Date "2018.06.23"]
[Round "9"]
[White "Fedotov, Konstantin"]
[Black "Sadovnikov, Konstantin"]
[Result "1-0"]
[ECO "B24"]
[WhiteElo "2017"]
[BlackElo "1907"]
[Annotator "NA"]
[PlyCount "81"]
[EventDate "2018.06.21"]
[EventCountry "BLR"]
[SourceTitle "playchess.com"]
[Source "ChessBase"]
[SourceQuality "1"]
[TimeControl "900+10"]

1. e4 c5 2. Nc3 Nc6 3. Bb5 Nd4 4. Bc4 e6 5. Nf3 Ne7 6. Nxd4 cxd4 7. Ne2 Nc6 8. d3 g6 9. O-O Bg7 10. f4 O-O 11. a3 Kh8 12. b4 d5 13. exd5 exd5 14. Bb3 Bg4 15. h3 Be6 16. Ng3 Ne7 17. Qf3 Qd7 18. Bb2 f5 19. Ne2 Nc6 20. Qf2 Rad8 21. Nxd4 Nxd4 22. Bxd4 b6 23. Rae1 Rfe8 24. Bxg7+ Qxg7 25. Re5 Qf7 26. Rfe1 Kg8 27. Qh4 Rd6 28. Qg5 Qd7 29. Qf6 Rf8 30. Qh4 Re8 31. Qf2 Qf7 32. Qd4 Red8 33. R1e2 R8d7 34. Qf2 Re7 35. Qe1 Kf8 36. Bxd5 Rxd5 37. Rxe6 Rxe6 38. Rxe6 Qc7 39. Re8+ Kf7 40. Qe6+ Kg7 41. Re7+ 1-0

[Event "Kupreichik Memorial Open 2018"]
[Site "Minsk"]
[Date "2018.06.23"]
[Round "9"]
[White "Artsiomau, Stanislau"]
[Black "Kolosovskaya, Olga"]
[Result "1-0"]
[ECO "B40"]
[WhiteElo "1954"]
[BlackElo "1747"]
[Annotator "NA"]
[PlyCount "53"]
[EventDate "2018.06.21"]
[EventCountry "BLR"]
[SourceTitle "playchess.com"]
[Source "ChessBase"]
[SourceQuality "1"]
[TimeControl "900+10"]

1. e4 c5 2. Nf3 e6 3. g3 Nc6 4. Bg2 g6 5. d3 Bg7 6. O-O Nge7 7. Re1 d6 8. Nbd2 O-O 9. Nf1 Rb8 10. h4 Nd4 11. Nxd4 cxd4 12. h5 e5 13. Nh2 f5 14. hxg6 hxg6 15. exf5 gxf5 16. Bg5 Qe8 17. f4 Qf7 18. Nf3 Ng6 19. Nd2 Be6 20. Nc4 Bxc4 21. dxc4 e4 22. Qh5 Nh8 23. Qh3 Qxc4 24. Rxe4 fxe4 25. Bxe4 Rbe8 26. Bh7+ Kf7 27. Qd7+ {[%emt 0:00:01] Kg8 Be4 Rb8 Qh3 Rf7} 1-0

[Event "Kupreichik Memorial Open 2018"]
[Site "Minsk"]
[Date "2018.06.23"]
[Round "9"]
[White "Belyuga, Mikhail"]
[Black "Sihite, Chelsie Monica Igne"]
[Result "0-1"]
[ECO "A95"]
[WhiteElo "1908"]
[BlackElo "2236"]
[Annotator "NA"]
[PlyCount "54"]
[EventDate "2018.06.21"]
[EventCountry "BLR"]
[SourceTitle "playchess.com"]
[Source "ChessBase"]
[SourceQuality "1"]
[TimeControl "900+10"]

1. Nf3 d5 2. d4 c6 3. c4 e6 4. g3 f5 5. Bg2 Nf6 6. O-O Be7 7. Nc3 O-O 8. Bf4 h6 9. h4 Qe8 10. Qd2 Kh7 11. Ne5 Nh5 12. Bf3 Nd7 13. Nxd7 Bxd7 14. Be5 Qg6 15. Bxh5 Qxh5 16. e3 dxc4 17. Kg2 b5 18. Ne2 c5 19. d5 exd5 20. Qxd5 Qe8 21. Qd2 Bc6+ 22. Kg1 Qh5 23. Nf4 Qf3 24. Kh2 g5 25. hxg5 hxg5 26. Rh1 gxf4 27. Kg1+ Qxh1# 0-1

[Event "Kupreichik Memorial Open 2018"]
[Site "Minsk"]
[Date "2018.06.23"]
[Round "9"]
[White "Romanovskij, Nikita"]
[Black "Masjuk, Vladimir"]
[Result "1-0"]
[ECO "A45"]
[WhiteElo "1869"]
[BlackElo "1829"]
[Annotator "NA"]
[PlyCount "49"]
[EventDate "2018.06.21"]
[EventCountry "BLR"]
[SourceTitle "playchess.com"]
[Source "ChessBase"]
[SourceQuality "1"]
[TimeControl "900+10"]

1. d4 Nf6 2. Bf4 d6 3. Nc3 Bf5 4. g3 Nbd7 5. Bg2 c6 6. e4 Bg6 7. Nge2 e5 8. Be3 Be7 9. h3 h6 10. O-O O-O 11. f4 exf4 12. gxf4 Bh5 13. Qd2 Bxe2 14. Qxe2 Qa5 15. e5 Nd5 16. Nxd5 cxd5 17. Qg4 f5 18. Qg6 Nb6 19. Qe6+ Rf7 20. Bf3 g6 21. Kh2 Qa4 22. Rg1 Qxc2+ 23. Rg2 Qd3 24. Qxg6+ Kf8 25. Qg8# 1-0

[Event "Kupreichik Memorial Open 2018"]
[Site "Minsk"]
[Date "2018.06.23"]
[Round "9"]
[White "Talma, Sergei"]
[Black "Kashtelyan, Valentin"]
[Result "1-0"]
[ECO "B15"]
[WhiteElo "1858"]
[BlackElo "1604"]
[Annotator "NA"]
[PlyCount "107"]
[EventDate "2018.06.21"]
[EventCountry "BLR"]
[SourceTitle "playchess.com"]
[Source "ChessBase"]
[SourceQuality "1"]
[TimeControl "900+10"]

1. d4 d5 2. Nc3 c6 3. e4 dxe4 4. Nxe4 e6 5. Nf3 Nd7 6. Bd3 Ngf6 7. Nxf6+ Nxf6 8. O-O Be7 9. c4 O-O 10. Qc2 h6 11. h3 c5 12. Be3 cxd4 13. Bxd4 b6 14. Rad1 Qc7 15. Be5 Qc5 16. a3 Bb7 17. b4 Qc8 18. Nd4 a5 19. b5 Nd7 20. Bg3 Bxa3 21. Nc6 Bc5 22. Be4 Nf6 23. Bd6 Bxd6 24. Rxd6 Re8 25. Bf3 a4 26. Rfd1 Qc7 27. c5 Kh8 28. cxb6 Qxb6 29. Nd8 Qxb5 30. Bxb7 Raxd8 31. Rxd8 Qxb7 32. Rxe8+ Nxe8 33. Rd8 Qb5 34. Qc8 Qb1+ 35. Kh2 a3 36. Rxe8+ Kh7 37. Rh8+ Kg6 38. Qb8 a2 39. Qg3+ Kf6 40. Qh4+ Kg6 41. Qg4+ Kf6 42. Qd4+ e5 43. Qd6+ Kf5 44. g4+ Ke4 45. Qc6+ Kf4 46. Qc4+ Kg5 47. Qxf7 a1=Q 48. Qh5+ Kf6 49. Rf8+ Ke6 50. Qf7+ Kd6 51. Rd8+ Kc5 52. Qc7+ Kb4 53. Rb8+ Ka4 54. Qa7# 1-0